 Dungeon Crawl Stone Soup version 0.19.0-22-gd96e5fe (webtiles) character file.

13126 grisgris the Carver (level 11, -1/100 (101) HPs)
             Began as a Minotaur Monk on Nov 19, 2016.
             Was an Elder of Qazlal.
             Slain by a vampire (6 damage)
             ... on level 11 of the Dungeon.
             The game lasted 00:29:47 (11489 turns).

grisgris the Carver (Minotaur Monk)                Turns: 11489, Time: 00:29:48

HP:   -1/100 (101)  AC: 20    Str: 19    XL:     11   Next: 71%
MP:   10/10         EV:  9    Int:  7    God:    Qazlal [****..]
Gold: 432           SH:  0    Dex: 13    Spells: 0 memorised, 10 levels left

rFire  + . .     SeeInvis .     p - +1 falchion (slice)
rCold  . . .     Gourm    +     h - +0 chain mail
rNeg   . . .     Faith    .     (no shield)
rPois  .         Spirit   .     (helmet restricted)
rElec  .         Reflect  .     k - +2 cloak {+Inv}
rCorr  .         Harm     .     n - +2 pair of gloves
MR     .....                    j - +1 pair of boots
Stlth  ..........               x - amulet of the gourmand
                                (no ring)
                                l - ring of protection from fire

@: confused, repel missiles, heavily drained
A: retaliatory headbutt, horns 2
a: Upheaval, Elemental Force, Renounce Religion, Evoke Invisibility


You were on level 11 of the Dungeon.
You worshipped Qazlal.
Qazlal was greatly pleased with you.
You were not hungry.

You visited 2 branches of the dungeon, and saw 12 of its levels.

You collected 516 gold pieces.
You spent 84 gold pieces at shops.

Inventory:

Hand Weapons
 a - a +0 falchion
 p - a +1 falchion of slicing (weapon)
Armour
 h - a +0 chain mail (worn)
 j - a +1 pair of boots (worn)
 k - a +2 cloak of invisibility (worn)
 n - a +2 pair of gloves (worn)
Jewellery
 l - a ring of protection from fire (left hand)
 x - an amulet of the gourmand (around neck)
Wands
 b - a wand of paralysis (6/24)
 f - a wand of flame (29/48)
 i - a wand of teleportation (5/9)
 r - a wand of flame (13/48)
Scrolls
 c - 3 scrolls of enchant weapon
 o - 3 scrolls of teleportation
 s - 2 scrolls of remove curse
Potions
 g - a potion of cure mutation
 t - a potion of magic
 w - a potion of heal wounds {unknown}
 C - a potion of cancellation
Comestibles
 d - 3 meat rations


   Skills:
 + Level 10.9(7.9) Fighting
 + Level 14.8(11.6) Long Blades
 + Level 11.4(8.5) Armour
 + Level 6.7(4.1) Dodging
 - Level 1.5(0.0) Stealth


You had 10 spell levels left.
You didn't know any spells.

Dungeon Overview and Level Annotations

Branches:
Dungeon (11/15)            Temple (1/1) D:7            Lair (0/6) D:9
    Orc (0/2) D:11

Altars:
Ashenzari
Cheibriados
Dithmenos
Elyvilon
Fedhas
Gozag
Hepliaklqana
Kikubaaqudgha
Makhleb
Okawaru
Qazlal
Ru
Sif Muna
Uskayaw
Vehumet
Xom
Yredelemnul
Zin
The Shining One

Shops:
D:5 }   D:6 *   D:8 %


Innate Abilities, Weirdness & Mutations

You reflexively headbutt those who attack you in melee.
You have a pair of horns on your head.


Message History

The hippogriff claws you.
* * * LOW HITPOINT WARNING * * *
As you read the scroll of fear, it crumbles to dust.
You assume a fearsome visage.
The hippogriff easily resists.
The vampire is unaffected.
The vampire gestures at you while chanting.
You are confused.
The hippogriff bites you but does no damage.
The hippogriff pecks you but does no damage.
The hippogriff claws you but does no damage.
You hit the vampire but do no damage.
The vampire is heavily damaged.
The vampire is infused with unholy energy.
* * * LOW HITPOINT WARNING * * *
The vampire draws life force from you and is healed!
The vampire is engulfed in roaring flames.
You completely miss the vampire. You headbutt the vampire.
The vampire is heavily damaged.
The vampire hits you.
You die...

####### ######## ##.....###
### #...##.##
##§@......####.###
..%...#.##
#..V.§......###..###
......##.#####.§H........#
##...#
......##..##....§........##
##...
......###....##.§......)..#
#..# ......#
##.######.........# #..#
......# ##.# ####......#
##.# ......###..# ########
#.# ......##...## #.#


You could see a hippogriff and a vampire.

Vanquished Creatures
  A centaur warrior (D:11)
  A tengu warrior (D:11)
  An unseen horror (D:10)
  3 hill giants (D:11)
  A manticore (D:11)
  Joseph (D:10)
  A komodo dragon (D:9)
  A hornet (D:9)
  3 two-headed ogres
  2 hippogriffs
  Sigmund (D:2)
  2 wyverns
  A hungry ghost (D:11)
  A yak (D:11)
  A human (D:11)
  Grum (D:10)
  A warg (D:11)
  3 water moccasins
  An orc warrior (D:11)
  A sky beast (D:6)
  4 ice beasts
  A black bear (D:11)
  3 necrophages
  2 wolves (D:10)
  4 centaurs
  6 ogres
  2 big kobolds
  A gnoll sergeant (D:7)
  11 bullfrogs
  2 scorpions
  6 howler monkeys
  28 killer bees
  4 wights (D:6)
  2 crimson imps
  A bullfrog zombie (D:9)
  3 centaur zombies
  Crazy Yiuf (D:2)
  A jelly (D:9)
  11 orc wizards
  4 orc priests
  A bullfrog skeleton (D:10)
  6 hounds
  5 iguanas
  Natasha (thrice) (D:2)
  12 worker ants
  A hound zombie (D:11)
  A worker ant zombie (D:11)
  3 gnolls (D:6)
  12 adders
  5 shadow imps
  An adder skeleton (D:9)
  5 worms
  5 dart slugs
  7 leopard geckos
  42 orcs
  5 bats
  5 giant cockroaches
  7 goblins
  7 hobgoblins
  16 jackals
  3 quokkas
  3 ball pythons
  A ball python skeleton (D:4)
  5 frilled lizards
  14 kobolds
  9 rats
  2 plants (D:9)
311 creatures vanquished.

Vanquished Creatures (others)
  2 plants (D:9)
2 creatures vanquished.

Grand Total: 313 creatures vanquished

Notes
Turn   | Place    | Note
-------+----------+-------------------------------------------
     0 | D:1      | grisgris the Minotaur Monk began the quest for the Orb.
     0 | D:1      | Reached XP level 1. HP: 19/19 MP: 0/0
   210 | D:1      | Reached skill level 4 in Long Blades
   228 | D:1      | Reached XP level 2. HP: 17/27 MP: 1/1
   649 | D:2      | Noticed Natasha
   652 | D:2      | Killed Natasha
   652 | D:2      | Reached XP level 3. HP: 32/33 MP: 2/2
   681 | D:2      | Noticed Sigmund
   706 | D:2      | Killed Sigmund
   706 | D:2      | Reached skill level 5 in Fighting
   706 | D:2      | Reached skill level 5 in Long Blades
   706 | D:2      | Reached skill level 1 in Armour
   706 | D:2      | Reached XP level 4. HP: 14/42 MP: 3/3
   706 | D:2      | Reached XP level 5. HP: 16/48 MP: 4/4
   911 | D:2      | Found a deep blue altar of Sif Muna.
   913 | D:2      | Found a basalt altar of Yredelemnul.
   916 | D:2      | Found a hide-covered altar of Uskayaw.
   933 | D:2      | Noticed Natasha
   942 | D:2      | Killed Natasha
   947 | D:2      | Reached skill level 6 in Long Blades
  1066 | D:2      | Found a runed door.
  1070 | D:2      | Noticed Crazy Yiuf
  1079 | D:2      | Killed Crazy Yiuf
  1079 | D:2      | Reached XP level 6. HP: 51/56 MP: 5/5
  1142 | D:2      | Found a shimmering altar of Xom.
  1144 | D:2      | Found a burning altar of Makhleb.
  1144 | D:2      | Noticed Natasha
  1152 | D:2      | Killed Natasha
  1463 | D:3      | Found a shadowy altar of Dithmenos.
  2276 | D:4      | Reached skill level 7 in Long Blades
  2405 | D:4      | Found a glowing golden altar of the Shining One.
  2567 | D:4      | Reached XP level 7. HP: 56/61 MP: 6/6
  2670 | D:4      | Found a white marble altar of Elyvilon.
  2955 | D:5      | Entered Level 5 of the Dungeon
  3100 | D:5      | Found Jocugg's Gadget Emporium.
  3266 | D:5      | Found a sacrificial altar of Ru.
  3304 | D:5      | Reached skill level 8 in Long Blades
  3987 | D:6      | Reached XP level 8. HP: 65/70 MP: 7/7
  4005 | D:6      | Reached skill level 9 in Long Blades
  4140 | D:6      | Reached skill level 5 in Armour
  4240 | D:6      | Found Toanou's Assorted Antiques.
  4286 | D:6      | Bought a viscous black potion for 26 gold pieces
  4286 | D:6      | Bought a scroll labeled HUYBOV YCLEGUU for 29 gold pieces
  4286 | D:6      | Bought a scroll labeled QIMOOL RAUSTE for 29 gold pieces
  4388 | D:6      | Reached skill level 5 in Dodging
  4393 | D:6      | Reached skill level 10 in Long Blades
  4704 | D:7      | Found a staircase to the Ecumenical Temple.
  4711 | Temple   | Entered the Ecumenical Temple
  4731 | Temple   | Became a worshipper of Qazlal Stormbringer
  4731 | Temple   | Reached * piety under Qazlal
  4731 | Temple   | Reached ** piety under Qazlal
  5734 | D:8      | Found a glowing silver altar of Zin.
  5735 | D:8      | Found an opulent altar of Gozag.
  5801 | D:8      | Reached XP level 9. HP: 77/77 MP: 8/8
  5937 | D:8      | Found Jusol's Food Shop.
  6484 | D:8      | Reached skill level 11 in Long Blades
  7573 | D:9      | Found a staircase to the Lair.
  7574 | D:9      | Noticed a komodo dragon
  7624 | D:9      | Killed a komodo dragon
  7624 | D:9      | Reached skill level 12 in Long Blades
  7662 | D:9      | Reached XP level 10. HP: 76/87 MP: 9/9
  7687 | D:9      | Reached *** piety under Qazlal
  8167 | D:10     | Entered Level 10 of the Dungeon
  8199 | D:10     | Noticed Grum
  8220 | D:10     | Killed Grum
  8620 | D:10     | Noticed Joseph
  8647 | D:10     | Killed Joseph
  8647 | D:10     | Reached skill level 13 in Long Blades
  8853 | D:10     | Killed an unseen horror
  9331 | D:11     | Reached skill level 10 in Armour
  9664 | D:11     | Noticed a manticore
  9670 | D:11     | Noticed a hill giant
  9691 | D:11     | Reached XP level 11. HP: 62/98 MP: 10/10
  9703 | D:11     | Killed a hill giant
  9703 | D:11     | Reached **** piety under Qazlal
  9703 | D:11     | Reached skill level 14 in Long Blades
 10002 | D:11     | Found a staircase to the Orcish Mines.
 10077 | D:11     | Reached skill level 10 in Fighting
 10322 | D:11     | Noticed a centaur warrior
 10342 | D:11     | Killed a centaur warrior
 10482 | D:11     | Noticed a hill giant
 10492 | D:11     | Killed a hill giant
 10711 | D:11     | Noticed a hill giant
 10751 | D:11     | Killed a hill giant
 11023 | D:11     | Noticed a tengu warrior
 11058 | D:11     | Killed a tengu warrior
 11097 | D:11     | Noticed a death knight
 11487 | D:11     | HP: 5/100 [vampire/vampiric draining (8)]
 11489 | D:11     | Slain by a vampire

Skill      XL: |  1  2  3  4  5  6  7  8  9 10 11 |
---------------+----------------------------------+-----
Long Blades    | 4 5 6 7 8 10 12 13 14 | 14.8
Fighting       | 4 5 6 8 9 10 | 10.9
Armour         | 1 2 4 6 8 10 11 | 11.4
Dodging        | 4 5 6 |  6.7
Stealth        | |  1.5

Action                   |  1- 3 |  4- 6 |  7- 9 | 10-12 || total
-------------------------+-------+-------+-------+-------++-------
Melee: Falchion          |    78 |   177 |   442 |   578 ||  1275
       Headbutt          |     9 |    38 |   100 |   126 ||   273
  Use: Scroll            |     4 |     7 |    10 |     6 ||    27
       Potion            |     2 |       |     3 |     3 ||     8
 Stab: Sleeping          |     2 |       |       |       ||     2
  Eat: Chunk             |       |     6 |    21 |    11 ||    38
       Pizza             |       |       |       |     1 ||     1
Armor: Robe              |     5 |       |       |       ||     5
       Chain mail        |    30 |   113 |   217 |   347 ||   707
Dodge: Dodged            |    28 |    75 |   151 |   209 ||   463
       Deflected         |       |       |       |     3 ||     3
Block: Other             |       |       |    24 |    98 ||   122
       Rpst.: Falchion   |     5 |     9 |    37 |    57 ||   108
